 Dungeon Crawl Stone Soup version 0.30-a0-691-g754fce4c43 (webtiles) character file.

Game seed: 12935616894060604295

68448 Strat the Warrior (level 15, -11/105 HPs)
             Began as a Tengu Reaver on Jan 19, 2023.
             Was an Initiate of Gozag.
             Mangled by a white ugly thing (35 damage)
             ... summoned by a glowing orange brain
             ... on level 15 of the Dungeon.
             The game lasted 01:08:24 (24467 turns).

Strat the Warrior (Tengu Reaver)                   Turns: 24467, Time: 01:08:25

Health: -11/105    AC: 17    Str: 13    XL:     15   Next: 26%
Magic:  25/25      EV: 20    Int: 15    God:    Gozag
Gold:   5414       SH:  7    Dex: 18    Spells: 8/26 levels left

rFire   . . .      SeeInvis .    a - +2 scimitar (venom)
rCold   . . .      Faith    .    Z - +1 buckler {AC+3}
rNeg    . . .      Spirit   .    b - +2 leather armour {Will+}
rPois   .          Reflect  .    U - +2 hat
rElec   .          Harm     .    (no cloak)
rCorr   .          Rampage  .    d - +2 pair of gloves
Will    ++...                    (boots unavailable)
Stlth   +                        F - amulet of regeneration
HPRegen 1.17/turn                z - +4 ring of slaying
MPRegen 0.19/turn                q - +4 ring of protection

@: flying quickly and evasively, quick
A: beak, talons 3, nimble flight
a: Renounce Religion, Potion Petition, Call Merchant, Bribe Branch


You were on level 15 of the Dungeon.
You worshipped Gozag.
Gozag was greatly pleased with you.
You visited 3 branches of the dungeon, and saw 22 of its levels.
You also visited: Ossuary and Bailey.

You collected 7235 gold pieces.
You spent 548 gold pieces at shops.
You paid 1273 gold pieces to Gozag.

Inventory:

Hand Weapons
 a - a +2 scimitar of venom (weapon)
Missiles
 m - 44 poisoned darts
Armour
 b - a +2 leather armour of willpower (worn)
 d - a +2 pair of gloves (worn)
 j - a +2 leather armour of poison resistance
 U - a +2 hat (worn)
 W - a +1 kite shield of positive energy
 Z - a +1 buckler of protection (worn)
Jewellery
 h - a +6 ring of dexterity
 l - a ring of wizardry
 o - a +6 ring of strength
 q - a +4 ring of protection (right hand)
 z - a +4 ring of slaying (left hand)
 F - an amulet of regeneration (around neck)
 M - a ring of ice
 X - a +6 ring of strength
Wands
 r - a wand of charming (7)
 w - a wand of flame (74)
 K - a wand of roots (13)
 L - a wand of mindburst (9)
 P - a wand of digging (4)
 S - a wand of polymorph (9)
Scrolls
 i - a scroll of brand weapon
 u - 11 scrolls of teleportation
 v - 2 scrolls of amnesia
 y - 4 scrolls of vulnerability
 B - a scroll of magic mapping
 D - a scroll of torment
 G - a scroll of fear
 I - 2 scrolls of silence
 J - 2 scrolls of enchant weapon
 N - a scroll of butterflies
 Q - 2 scrolls of fog
Potions
 c - 4 potions of haste
 e - a potion of flight
 f - 5 potions of mutation
 g - 7 potions of brilliance
 k - 2 potions of berserk rage
 n - 3 potions of ambrosia
 p - 9 potions of might
 s - 8 potions of curing
 t - 2 potions of heal wounds
 x - 3 potions of lignification
 A - 5 potions of attraction
 C - 5 potions of resistance
 H - 2 potions of invisibility
 O - a potion of cancellation
 R - 2 potions of magic
Miscellaneous
 T - a phantom mirror


   Skills:
 - Level 16.3 Fighting
 - Level 14.0 Long Blades
 - Level 5.0 Armour
 - Level 10.0 Dodging
 - Level 5.2 Shields
 - Level 6.0 Spellcasting
 + Level 10.9 Conjurations
 - Level 10.0 Summonings
 + Level 2.5 Transmutations


You had 8 spell levels left.
You knew the following spells:

 Your Spells              Type           Power      Damage    Failure   Level
a - Kiss of Death         Conj/Necr      80%        2d11      2%          1
b - Momentum Strike       Conj/Tloc      40%        3d9       3%          2
c - Call Canine Familiar  Summ           34%        N/A       1%          3
d - Summon Guardian Gole  Hex/Summ       19%        N/A       9%          3
e - Summon Ice Beast      Ice/Summ       19%        N/A       30%         4
f - Irradiate             Conj/Tmut      12%        3d15      38%         5

Your spell library contained the following spells:

 Spells                   Type           Power      Damage    Failure   Level
 Magic Dart               Conj           100%       1d8       1%          1
 Summon Small Mammal      Summ           100%       N/A       1%          1
 Call Imp                 Summ           34%        N/A       1%          2
 Hailstorm                Conj/Ice       20%        3d6       8%          3
 Iskenderun's Battlesphe  Conj           37%        2d9       8%          5
 Mephitic Cloud           Conj/Pois/Air  15%        N/A       16%         3
 Fulminant Prism          Conj/Hex       10%        3d9       26%         4
 Iskenderun's Mystic Bla  Conj/Tloc      20%        2d6       26%         4
 Animate Armour           Summ/Erth      38%        N/A       30%         4
 Sublimation of Blood     Necr           4%         N/A       34%         2
 Frozen Ramparts          Ice            8%         1d2       56%         3
 Kindle Blastsparks       Fire/Tloc/Air  8%         2d10      56%         3
 Portal Projectile        Hex/Tloc       8%         N/A       56%         3
 Ice Form                 Ice/Tmut       8%         N/A       80%         4
 Petrify                  Tmut/Erth      8%         N/A       80%         4
 Leda's Liquefaction      Hex/Erth       2%         N/A       93%         4
 Olgreb's Toxic Radiance  Pois           4%         N/A       93%         4
 Blade Hands              Tmut           6%         N/A       93%         5
 Spellforged Servitor     Conj/Summ      17%        N/A       95%         7
 Iron Shot                Conj/Erth      10%        9d3       98%         6
 Lee's Rapid Deconstruct  Erth           2%         3d4*      100%        5
 Ozocubu's Refrigeration  Ice            2%         4d7       100%        7
 Ignition                 Fire           2%         3d3       100%        8


Dungeon Overview and Level Annotations

Branches:
Dungeon (15/15)            Temple (0/1) D:7            Lair (5/5) D:9
 Shoals (0/4) Lair:2        Snake (0/4) Lair:2        Slime (0/5) Lair:5
    Orc (2/2) D:11            Elf (0/3) Orc:2        Vaults (0/5) D:13
Ossuary (visited)          Bailey (visited)
 Depths: D:15

Altars:
Ashenzari
Fedhas
Gozag
Hepliaklqana
Kikubaaqudgha
Nemelex Xobeh
Qazlal
Ru
Uskayaw
Wu Jian
Zin

Shops:
D:1 :   D:3 ?   D:5 *   D:6 ?(   D:9 :*   Orc:2 [=?**   Lair:3 [[

Annotations:
D:6 1 runed translucent door, Dittersdorf's ghost, novice GrFi
D:12 Rupert
D:13 2 transporters, Dodiz's ghost, journeyman BaFi
D:14 2 transporters, Roxanne; mampy3000's ghost, journeyman MiBe
Lair:4 exclusion: oklob plant


Innate Abilities, Weirdness & Mutations

You have a beak for a mouth.
You have claws for feet.
Your magical nature lets you fly swiftly and evasively.


Message History

You barely miss the glowing orange brain.
You claw the glowing orange brain.
The glowing orange brain is heavily wounded.
The glowing orange brain pulsates.
You easily resist.
You slash the white ugly thing!
The white ugly thing is poisoned.
The white ugly thing is lightly wounded.
The white ugly thing barely misses you. The white ugly thing headbutts you.
The white ugly thing freezes you!!
The white ugly thing closely misses you.
You slash the white ugly thing!
The white ugly thing looks as sick as possible!
Your kick misses the white ugly thing. Your peck misses the white ugly thing.
The white ugly thing is moderately wounded.
You feel less confused. The white ugly thing misses you.
The white ugly thing closely misses you.
The white ugly thing headbutts you. The white ugly thing freezes you!!
* * * LOW HITPOINT WARNING * * *
Blink to where?
Press: ? - help, Dir - move target
As you read the scroll of blinking, it crumbles to dust.
The white ugly thing pecks you but does no damage.
Okay, then.
Aiming: Dig
Press: ? - help, Shift-Dir - straight line A rock wall.
The rock shatters into small pieces.
The white ugly thing stings you.
* * * LOW HITPOINT WARNING * * *
The white ugly thing freezes you!!
* * * LOW HITPOINT WARNING * * *
The white ugly thing basks in the mutagenic energy from its kin and changes!
The glowing orange brain pulsates.
You resist with almost no effort.
The white ugly thing attacks as you move away!
The white ugly thing headbutts you.
* * * LOW HITPOINT WARNING * * *
The white ugly thing freezes you!!
You die...
Your body crumbles into a pile of gold.

######.....# #....)#.#.######.
######.....# #.....#..........
...........# ##...#########.##
#######....##### ##.## #.## #....
#####..........###..# #...# #..##
..^........###.#...###u.. #..#
.............#.#..##u.. #..#
.<.........#.#.##u##u# ###..##
...........#.#.#@uu.G# #.#....
...........#....#u#u.# ##......
.....)..........####### #.......
............).(.....#.####..#.##.
.............##.##..#...##.......
............# #.##..#.#.##)#..#..
............###.##.....)##)#.....
........................)()...###
............###.##....####.#.....


You could see 6 ugly things and a glowing orange brain (very poisoned).

Vanquished Creatures
  A very ugly thing (D:15)
  A rakshasa (D:15)
  A hydra (D:15)
  A vault guard (D:13)
  3 centaur warriors
  A boulder beetle (D:15)
  3 catoblepae (Lair:5)
  8 death yaks (Lair:5)
  A two-headed ogre (D:12)
  2 tengu warriors (D:15)
  2 orc knights
  A lindwurm (Lair:5)
  2 necromancers (D:13)
  2 wizards
  18 ugly things
  4 deep elf pyromancers
  An oklob plant (Lair:3)
  An orc sorcerer (Orc:2)
  3 manticores
  A salamander (Lair:2)
  7 cyclopes
  12 elephants
  Maurice (Orc:2)
  2 black mambas
  A gargoyle (D:14)
  8 cane toads
  A torpor snail (Lair:5)
  An unseen horror (D:9)
  3 komodo dragons
  2 freezing wraiths
  A rime drake (Lair:1)
  A komodo dragon (shapeshifter) (D:15)
  A tengu conjurer (D:15)
  A polar bear (Lair:5)
  7 trolls
  13 blink frogs
  A shadow (D:10)
  4 slime creatures (D:15)
  A vampire (D:12)
  30 yaks
  3 wyverns
  21 humans (D:13)
  2 basilisks
  A steam dragon (D:9)
  3 wargs
  Edmund (D:6)
  2 acid dragons
  13 water moccasins
  2 black bears (D:6)
  An ice beast (D:6)
  33 orc warriors
  2 sky beasts
  3 wolves (Lair:2)
  8 ogres
  20 centaurs
  A phantom (D:6)
  3 kobold brigands
  8 bullfrogs
  3 necrophages
  2 gnoll sergeants
  2 scorpions
  4 wights (D:8)
  2 howler monkeys
  4 lava snakes
  2 gnoll boudas
  9 orc priests
  3 hounds
  A jelly (D:5)
  2 iguanas
  15 orc wizards
  Natasha (thrice) (D:4)
  2 hell rats (Lair:3)
  A mummy (Ossuary)
  14 gnolls
  8 adders
  9 river rats (Lair:3)
  An ufetubus (D:6)
  A worm (D:5)
  2 dart slugs
  57 orcs
  4 spectral bats (Ossuary)
  4 bats
  3 endoplasms
  A giant cockroach (D:3)
  12 gnoll zombies (Ossuary)
  7 goblins
  14 hobgoblins
  3 jackals (D:3)
  29 kobolds
  8 ball pythons
  6 bat simulacra (Ossuary)
  5 frilled lizards
  2 goblin simulacra (Ossuary)
  3 goblin zombies (Ossuary)
  6 hobgoblin zombies (Ossuary)
  A kobold simulacrum (Ossuary)
  3 kobold zombies (Ossuary)
  6 orc zombies (Ossuary)
  5 rats
  2 rat simulacra (Ossuary)
  3 spectral goblins (Ossuary)
  3 spectral kobolds (Ossuary)
  6 spectral rats (Ossuary)
565 creatures vanquished.

Vanquished Creatures (collateral kills)
  3 blink frogs (Lair:1)
  A yak (D:9)
  An orc priest (D:8)
  3 gnolls (D:7)
8 creatures vanquished.

Vanquished Creatures (others)
  3 death yaks (Lair:5)
  A centaur warrior (D:15)
  A tengu warrior (D:15)
  2 ugly things
  2 cane toads
  A tengu conjurer (D:15)
  A slime creature (D:15)
  2 yaks (Lair:5)
  An orc warrior (Orc:2)
  A kobold (D:11)
  24 fungi
  61 plants
  4 toadstools (D:13)
104 creatures vanquished.

Grand Total: 677 creatures vanquished

Notes
Turn   | Place    | Note
-------+----------+-------------------------------------------
     0 | D:1      | Strat the Tengu Reaver began the quest for the Orb.
     0 | D:1      | Reached XP level 1. HP: 12/12 MP: 4/4
   223 | D:1      | Found Qijyl's Book Shoppe.
   397 | D:1      | Reached XP level 2. HP: 7/15 MP: 3/6
   563 | D:1      | Found a faded altar of an unknown god.
   588 | D:1      | Learned a level 2 spell: Momentum Strike
   636 | D:1      | Reached XP level 3. HP: 21/21 MP: 7/7
   937 | D:2      | Found a hide-covered altar of Uskayaw.
  1262 | D:2      | Reached XP level 4. HP: 23/27 MP: 5/8
  1583 | D:3      | Reached skill level 3 in Fighting
  1583 | D:3      | Reached skill level 5 in Long Blades
  1907 | D:3      | Found Tasicuorph's Magic Scroll Emporium.
  1953 | D:3      | Bought a scroll of teleportation for 36 gold pieces
  2159 | D:3      | Bought a scroll of identify for 24 gold pieces
  2159 | D:3      | Bought a scroll of identify for 24 gold pieces
  2159 | D:3      | Bought a scroll of identify for 24 gold pieces
  2276 | D:3      | Gained mutation: Your magical nature lets you fly swiftly
                  | and evasively. [Tengu growth]
  2276 | D:3      | Reached XP level 5. HP: 32/32 MP: 9/9
  2303 | D:3      | Found an ancient bone altar of Kikubaaqudgha.
  2798 | D:4      | Noticed Natasha
  2818 | D:4      | Killed Natasha
  2843 | D:4      | Reached skill level 5 in Conjurations
  2843 | D:4      | Reached XP level 6. HP: 38/38 MP: 7/10
  3042 | D:4      | Reached skill level 4 in Fighting
  3112 | D:4      | Found a glowing silver altar of Zin.
  3112 | D:4      | Noticed Natasha
  3119 | D:4      | Killed Natasha
  3122 | D:4      | Found a stormy altar of Qazlal.
  3122 | D:4      | Found a hazy altar of Hepliaklqana.
  3139 | D:4      | Found an opulent altar of Gozag.
  3819 | D:4      | Noticed Natasha
  3934 | D:4      | Killed Natasha
  4011 | D:4      | Became a worshipper of Gozag Ym Sagoz the Greedy
  4088 | D:5      | Entered Level 5 of the Dungeon
  4098 | D:5      | Reached XP level 7. HP: 40/43 MP: 11/11
  4191 | D:5      | Found Pyph's Assorted Antiques.
  4465 | D:5      | Found a sand-covered staircase.
  4474 | Ossuary  | Entered an ossuary
  5108 | D:5      | Reached skill level 5 in Fighting
  5156 | D:5      | HP: 1/44 [orc priest/divine providence (16)]
  6489 | D:6      | Reached XP level 8. HP: 46/49 MP: 12/12
  6702 | D:6      | Found a runed translucent door.
  6703 | D:6      | Noticed Dittersdorf's ghost (novice GrFi)
  6703 | D:6      | Noticed a slime creature
  6929 | D:6      | Found Gedd's Magic Scroll Emporium.
  6954 | D:6      | Reached skill level 6 in Fighting
  6983 | D:6      | Bought a scroll of fear for 56 gold pieces
  7018 | D:6      | Noticed Edmund
  7024 | D:6      | Killed Edmund
  7065 | D:6      | Found Cokira's Antique Weapon Shop.
  7511 | D:6      | Reached skill level 5 in Dodging
  7711 | D:7      | Reached XP level 9. HP: 55/55 MP: 13/13
  7719 | D:7      | Noticed a cyclops
  8104 | D:7      | Found a staircase to the Ecumenical Temple.
  8601 | D:8      | Found an ornate altar of the Wu Jian Council.
  9015 | D:8      | Found a sparkling altar of Nemelex Xobeh.
  9017 | D:8      | Found a sacrificial altar of Ru.
  9073 | D:8      | Found a broken altar of Ashenzari.
  9329 | D:9      | Reached skill level 7 in Fighting
  9349 | D:9      | Found a staircase to the Lair.
  9417 | D:9      | Reached skill level 10 in Long Blades
  9447 | D:9      | Reached XP level 10. HP: 60/64 MP: 11/14
  9734 | D:9      | Found Raicvi Dose's CLEARANCE SALE!.
  9744 | D:9      | Bought a scroll of identify for 6 gold pieces
 10009 | D:9      | Found Bamots's Book Shoppe.
 10152 | D:9      | Killed an unseen horror
 10153 | D:9      | Reached skill level 8 in Fighting
 10229 | D:9      | Found a hide-covered altar of Uskayaw.
 10257 | D:10     | Entered Level 10 of the Dungeon
 10363 | D:10     | Learned a level 4 spell: Fulminant Prism
 10870 | D:10     | Identified a scroll of acquirement
 10870 | D:10     | Acquired a +2 scimitar of holy wrath
 10882 | D:10     | Found a flagged portal.
 10901 | Bailey   | Entered a bailey
 10915 | Bailey   | Noticed an orc warlord
 11119 | Bailey   | Found a runed translucent gate.
 11122 | Bailey   | Found a runed translucent gate.
 11124 | Bailey   | Found a runed translucent gate.
 11392 | D:11     | Noticed a cyclops
 11400 | D:11     | Killed a cyclops
 11401 | D:11     | Reached skill level 9 in Fighting
 11625 | D:11     | Found a staircase to the Orcish Mines.
 11677 | D:11     | Reached XP level 11. HP: 71/71 MP: 12/15
 11901 | D:11     | Learned a level 3 spell: Call Canine Familiar
 11913 | D:12     | Noticed Rupert
 11968 | Lair:1   | Entered Level 1 of the Lair of Beasts
 12000 | Lair:1   | Reached skill level 1 in Summonings
 12876 | Lair:2   | Noticed a four-headed hydra
 13035 | Lair:2   | Reached skill level 10 in Dodging
 13041 | Lair:2   | Reached skill level 10 in Fighting
 13042 | Lair:2   | Found a staircase to the Shoals.
 13749 | Lair:2   | Found a staircase to the Snake Pit.
 13749 | Lair:2   | Noticed a salamander
 13765 | Lair:2   | Killed a salamander
 14076 | Lair:3   | Noticed an oklob plant
 14083 | Lair:3   | Killed an oklob plant
 14217 | Lair:3   | Bought a runed hat for 189 gold pieces
 14217 | Lair:3   | Bought a bloodstained leather armour for 189 gold pieces
 14217 | Lair:3   | Identified the +1 leather armour of Paggecla {Stlth+} (You
                  | bought it in a shop on level 3 of the Lair of Beasts)
 14574 | Lair:3   | Noticed an eight-headed hydra
 14610 | Lair:3   | Reached XP level 12. HP: 77/77 MP: 16/16
 14672 | Lair:3   | Reached skill level 1 in Shields
 15072 | Lair:3   | Reached skill level 5 in Shields
 15076 | Lair:3   | Reached skill level 1 in Armour
 15112 | Lair:3   | Learned a level 3 spell: Summon Guardian Golem
 15331 | Lair:3   | Reached skill level 5 in Summonings
 15456 | Lair:4   | Noticed a seven-headed hydra
 15727 | Lair:4   | Found a blossoming altar of Fedhas.
 16004 | Lair:4   | Learned a level 4 spell: Summon Ice Beast
 16268 | Lair:5   | Entered Level 5 of the Lair of Beasts
 16311 | Lair:5   | Noticed a death yak
 16311 | Lair:5   | Noticed a death yak
 16341 | Lair:5   | Noticed a death yak
 16364 | Lair:5   | Found a staircase to the Slime Pits.
 16428 | Lair:5   | Reached skill level 5 in Armour
 16554 | Lair:5   | Killed a death yak
 16558 | Lair:5   | Reached XP level 13. HP: 83/83 MP: 20/20
 16794 | Lair:5   | HP: 1/83 [catoblepas (24)]
 16902 | Lair:5   | Reached skill level 11 in Fighting
 17507 | Lair:5   | Reached skill level 10 in Summonings
 17512 | Lair:5   | Reached skill level 12 in Fighting
 18381 | Lair:5   | Identified the +0 robe of Complete Protection {Int-5 Dex+3
                  | Stlth+}
 18631 | Orc:1    | Entered Level 1 of the Orcish Mines
 18765 | Orc:1    | Reached skill level 13 in Fighting
 18926 | Orc:2    | Entered Level 2 of the Orcish Mines
 19137 | Orc:2    | Found a staircase to the Elven Halls.
 19222 | Orc:2    | Noticed Maurice
 19282 | Orc:2    | Killed Maurice
 19927 | Orc:2    | Reached XP level 14. HP: 92/94 MP: 21/21
 19956 | Orc:2    | Found Ymolay's Overcharged Wands.
 20221 | Orc:2    | Found Teod's Magic Scroll Shop.
 20221 | Orc:2    | Found Jounwoes's Jewellery Emporium.
 20221 | Orc:2    | Found Xaetath's Antique Armour Shoppe.
 20224 | Orc:2    | Found Ogazikoq's Assorted Antiques.
 20378 | D:12     | Identified the +7 falchion "Ogreslayer" {drain, rPois Int-3
                  | Dex+3}
 21083 | D:13     | Reached skill level 10 in Conjurations
 21117 | D:13     | Reached skill level 14 in Fighting
 21230 | D:13     | Found a gate to the Vaults.
 21377 | D:13     | Found a transporter.
 21378 | D:13     | Noticed Dodiz's ghost (journeyman BaFi)
 21436 | D:13     | Found a transporter.
 22010 | D:14     | Noticed mampy3000's ghost (journeyman MiBe)
 22022 | D:14     | Found a transporter.
 22058 | D:14     | Found a transporter.
 22150 | D:14     | Reached skill level 15 in Fighting
 22422 | D:14     | Identified Roxanne's Papyrus of Metamorphosis
 22422 | D:14     | Noticed Roxanne
 22469 | D:14     | Reached skill level 5 in Spellcasting
 23195 | D:15     | Entered Level 15 of the Dungeon
 23562 | D:15     | Reached skill level 16 in Fighting
 23698 | D:15     | Reached XP level 15. HP: 73/104 MP: 25/25
 23923 | D:15     | Learned a level 5 spell: Irradiate
 24003 | D:15     | Found a hide-covered altar of Uskayaw.
 24219 | D:15     | Reached skill level 1 in Transmutations
 24467 | D:15     | Mangled by a white ugly thing

Illustrated notes

Levels and vault maps discovered:
D:1:      minmay_arrival_wavy_path, layout_basic, serial_shops, shop,
          ebering_ecumenical_altar_ruins
D:2:      layout_rooms, basic_altar
D:3:      layout_basic, nicolae_overflow_crystal_walls, serial_shops, shop
D:4:      layout_basic, nicolae_gozag_seed_capital, grunt_temple_overflow_open,
          uniq_natasha
D:5:      layout_rooms, chequers_ossuary_entry_cave, serial_shops, shop_statue
D:6:      layout_gridville, serial_shops, nicolae_shop_stone,
          nicolae_shop_statue_plus, ebering_ghost_inner_flame,
          amcnicky_mini_corridor_feature, uniq_edmund
D:7:      layout_rooms, minmay_temple_entry_statues_fountains,
          kennysheep_cross_room, chequers_jeans, st_stairs_2
D:8:      layout_cave_pools, nzn_wu_jian_contemplation, evilmike_ruin_ashenzari,
          nicolae_overflow_two_pavilions
D:9:      layout_irregular_city, kennysheep_little_box, lair_entry_dummy,
          serial_shops, nicolae_inconvenience_store, nicolae_shop_clearance
D:10:     layout_roguey, enter_bailey_4, kennysheep_pointless_box,
          minmay_misc_feat_nine_boxes, grunt_decor_clamped
D:11:     layout_roguey, orc_0_dummy
D:12:     layout_rooms, uniq_rupert
D:13:     layout_basic, grunt_vaults_entry_tiered, gammafunk_ghost_arena,
          minmay_gold_behind_fungi
D:14:     wander_river, layout_irregular_city, minmay_stone_trees_medium,
          gammafunk_ghost_arena, portal_ice_cave_entry_ugly_swarm, uniq_roxanne
D:15:     gammafunk_enter_depths_forms, layout_basic, nicolae_uskayaw_en_pointe
Lair:1:   layout_misc_corridors, st_stairs_13,
          eino_small_chamber_without_monster, grunt_megastairs_2
Lair:2:   layout_layer_cave, minmay_shoals_entry_centaurs,
          nicolae_snake_entry_warm_welcome
Lair:3:   layout_regular_city, kennysheep_rathole
Lair:4:   layout_regular_city, hangedman_tree_tricks
Lair:5:   evilmike_catoblepas_cave, layout_regular_city, slime_entry_1,
          chequers_serial_rivers_room_a, infiniplex_staircase_pool_2
Orc:1:    layout_diamond_mine, basic_altar, uniq_fannar
Orc:2:    st_orc_rangers, layout_caves, basic_altar,
          nicolae_shop_overcharged_wands, uniq_maurice

Skill      XL: |  1  2  3  4  5  6  7  8  9 10 11 12 13 14 15 |
---------------+----------------------------------------------+-----
Long Blades    | 4 5 6 7 9 10 11 14 | 14.0
Fighting       | 3 4 5 6 7 9 10 13 16 | 16.3
Conjurations   | 5 6 7 8 10 | 10.9
Dodging        | 5 7 9 10 | 10.0
Summonings     | 4 7 10 | 10.0
Shields        | 5 |  5.2
Spellcasting   | 4 6 |  6.0
Armour         | 5 |  5.0
Transmutations | 2 |  2.5

Action                   |  1- 3 |  4- 6 |  7- 9 | 10-12 | 13-15 || total
-------------------------+-------+-------+-------+-------+-------++-------
Melee: Falchion          |    60 |    93 |   356 |   100 |       ||   609
       Kick              |    17 |    30 |   122 |   197 |   341 ||   707
       Peck              |     5 |    17 |    60 |   110 |   196 ||   388
       Punch             |       |     1 |     6 |     6 |       ||    13
       Scimitar          |       |       |       |   389 |   767 ||  1156
 Cast: Kiss of Death     |     2 |       |     3 |       |     1 ||     6
       Momentum Strike   |     4 |    10 |    13 |     6 |       ||    33
       Call Canine Famil |       |       |       |     1 |     8 ||     9
       Summon Guardian G |       |       |       |     2 |    33 ||    35
Invok: Call Merchant     |       |       |       |     2 |       ||     2
Evoke: Wand              |       |       |     9 |     7 |     8 ||    24
       Phantom mirror    |       |       |       |       |     1 ||     1
  Use: Scroll            |       |     8 |    12 |    12 |    12 ||    44
       Potion            |       |       |       |     3 |     2 ||     5
 Stab: Sleeping          |     1 |       |     4 |       |       ||     5
       Distracted        |       |       |     1 |     5 |     3 ||     9
Armor: Leather armour    |    18 |    20 |    85 |    83 |   194 ||   400
Dodge: Dodged            |    39 |    38 |   190 |   345 |   522 ||  1134
Block: Buckler           |       |       |       |     9 |   174 ||   183

Table legend: (Time is in decaauts)
 A = Elapsed time spent in this place.
 B = Non-inter-level travel time spent in this place.
 C = Inter-level travel time spent in this place.
 D = Time resting spent in this place.
 E = Time spent auto-exploring this place.
 F = Levels seen in this place.
 G = Mean time per level.
                   A        B        C        D        E       F      G
               +--------+--------+--------+--------+--------+-----+--------+
         Total |  22572 |  21268 |   1304 |   2512 |  12197 |  24 |  940.5 |
       Dungeon |  14176 |  13179 |    997 |   1741 |   7746 |  15 |  945.1 |
          Lair |   6015 |   5771 |    244 |    532 |   3430 |   5 | 1203.0 |
  Orcish Mines |   1520 |   1458 |     62 |    184 |    608 |   2 |  760.0 |
       Ossuary |    537 |    537 |      0 |     47 |    222 |   1 |  537.0 |
        Bailey |    322 |    322 |      0 |      7 |    190 |   1 |  322.0 |
               +--------+--------+--------+--------+--------+-----+--------+

Top non-repeatable levels by time:
  Lair:5: 2005 daAuts
     D:4: 1378 daAuts
     D:6: 1323 daAuts
  Lair:3: 1296 daAuts
  Lair:2: 1282 daAuts
     D:5: 1209 daAuts
    D:14: 1162 daAuts
     D:3: 1155 daAuts
    D:15: 1152 daAuts
   Orc:2: 1145 daAuts
     D:1: 1079 daAuts
     D:9: 865 daAuts
     D:8: 849 daAuts
    D:13: 827 daAuts
  Lair:4: 747 daAuts
